 Dungeon Crawl Stone Soup version 0.19-a0-975-gfff5315 (webtiles) character file.

23004 4thArraOfDagon the Cleaver (level 12, 0/150 HPs)
             Began as a Deep Dwarf Summoner on July 13, 2016.
             Was an Elder of Makhleb.
             Slain by a polar bear (6 damage)
             ... in an ice cave.
             The game lasted 00:29:27 (4772 turns).

4thArraOfDagon the Cleaver (Deep Dwarf Summoner)    Turns: 4772, Time: 00:29:28

Health: 0/150      AC: 26    Str: 15    XL:     12   Next: 68%
Magic:  8/8        EV:  2    Int: 18    God:    Makhleb [****..]
Gold:   1151       SH:  0    Dex: 13    Spells: 1 memorised, 13 levels left

rFire  + . .     SeeInvis .     j - +1 battleaxe (vamp)
rCold  + . .     Gourm    +     (armour currently unavailable)
rNeg   + + +     Faith    .     (shield currently unavailable)
rPois  +         Spirit   .     (helmet currently unavailable)
rElec  +         Dismiss  .     (cloak currently unavailable)
rCorr  .         Reflect  .     (gloves currently unavailable)
SustAt .         Harm     .     (boots currently unavailable)
MR     ++...     NoTele   +     m - amulet of the gourmand
Stlth  ++++......               w - ring of protection from fire
                                I - ring "Zoghyske" {+Inv rElec rC+ MR+ Stlth+}

@: tree-form, non-regenerating, very resistant to hostile enchantments, stealthy
A: damage resistance, recharge devices, (horns 0), frail 1, sense surroundings
2, slow regeneration 3
a: Device Recharging, Minor Destruction, Lesser Servant of Makhleb, Major
Destruction, Renounce Religion, Evoke Invisibility


You were in an ice cave.
You worshipped Makhleb.
Makhleb was greatly pleased with you.
You were completely stuffed.
You were a tree.
You visited 3 branches of the dungeon, and saw 17 of its levels.
You also visited: Labyrinth and Ice Cave.

You collected 1151 gold pieces.

Inventory:

Hand Weapons
 j - a +1 vampiric battleaxe (weapon)
 J - a +3 war axe of chopping
 L - the +1 broad axe of Balance {freeze, rF+}
   (You found it on level 12 of the Dungeon)

   It has been specially enchanted to freeze those struck by it, causing extra
   injury to most foes and up to half again as much damage against particularly
   susceptible opponents.
   It can also slow down cold-blooded creatures.
   It protects you from fire.
Armour
 i - a +0 pair of gloves (melded)
 o - a +0 plate armour
 t - a +2 plate armour of poison resistance
 K - a +0 ice dragon armour (melded)
Jewellery
 m - an amulet of the gourmand (around neck)
 s - an uncursed ring of loudness
 w - a ring of protection from fire (right branch)
 G - an uncursed ring of fire
 I - the ring "Zoghyske" (left branch) {+Inv rElec rC+ MR+ Stlth+}
   (You found it on level 12 of the Dungeon)

   [ring of protection from magic]

   It protects you from cold.
   It insulates you from electricity.
   It affects your resistance to hostile enchantments.
   It lets you turn invisible.
   It makes you more stealthy.
Wands
 b - a wand of paralysis (7/24)
 c - a wand of heal wounds (3/9)
 e - a wand of digging (14/24)
 g - a wand of confusion (0/48)
 k - a wand of disintegration (0/24)
 u - a wand of acid (0/15)
 D - a wand of random effects (30/48)
Scrolls
 q - 2 scrolls of remove curse
 r - a scroll of immolation
 z - a scroll of teleportation
Potions
 a - 2 potions of flight {unknown}
 h - 2 potions of curing
 n - 3 potions of brilliance
 p - a potion of might
Miscellaneous
 l - a phial of floods
 v - a box of beasts
 x - a disc of storms
 y - a sack of spiders
Comestibles
 d - 4 bread rations
 f - 3 meat rations


   Skills:
 + Level 8.6 Fighting
 * Level 13.9 Axes
 + Level 11.6 Armour
 - Level 2.1 Dodging
 - Level 2.4 Stealth
 - Level 1.7 Spellcasting
 - Level 3.6 Summonings
 - Level 8.3 Invocations
 + Level 8.7 Evocations


You had 13 spell levels left.
You knew the following spells:

 Your Spells              Type           Power        Failure   Level  Hunger
a - Summon Small Mammal   Summ           ##..         4%          1    #......


Dungeon Overview and Level Annotations

Branches:
Dungeon (14/15)            Temple (1/1) D:7            Lair (0/6) D:9
    Orc (2/2) D:12
    Elf: Orc:2       Vaults: D:13-14

Altars:
Ashenzari
Cheibriados
Dithmenos
Elyvilon
Fedhas
Gozag
Hepliaklqana
Kikubaaqudgha
Makhleb
Nemelex Xobeh
Okawaru
Pakellas
Qazlal
Ru
Sif Muna
Trog
Uskayaw
Vehumet
Xom
Yredelemnul
The Shining One
Beogh

Shops:
D:11 [   D:13 %

Annotations:
D:3 Grinder
D:12 Josephine
D:13 Snorg


Innate Abilities, Weirdness & Mutations

You are resistant to damage.
You can recharge devices by infusing magical energy.
You passively map the area around you.
You do not regenerate naturally.
((You have a pair of small horns on your head.))
You are frail. (-10% HP)


Message History

Unknown command.
You barely miss the polar bear.
The polar bear is severely wounded.
You slash the polar bear! The polar bear bites you!
* * * LOW HITPOINT WARNING * * *
The polar bear claws you but does no damage. x2
The polar bear bites you but does no damage.
The polar bear claws you but does no damage. x2
Unknown command.
Unknown command.
You hit the polar bear but do no damage.
The polar bear is severely wounded.
You slash the polar bear!
The polar bear bites you but does no damage.
The polar bear claws you but does no damage.
The polar bear completely misses you. The polar bear bites you!!
* * * LOW HITPOINT WARNING * * *
The polar bear claws you but does no damage. x2
The polar bear bites you!
You die...

* ###* * * #..#######
** #.∩....#.##*, *####
#..∩..†.h### ###...##
###..††♣hY.###.#.....#
≈ ####.###§.#.#...# *
### ##.§≈..# , * ≈ ≈
##...## , * ≈ *##.## *
### * * * * , * , ,
*≈≈ * * , ≈ ≈


You could see 2 polar bears and a yak.

Vanquished Creatures
  A stone giant (Orc:1)
  A minotaur (Lab)
  An ice dragon (D:12)
  Erolcha (Orc:1)
  An ogre mage (Orc:1)
  A deep elf knight (Orc:1)
  14 hill giants (Orc:1)
  An orc knight (Orc:1)
  An ugly thing (D:12)
  3 cyclopes (Orc:1)
  4 deep elf magi
  4 centaur skeletons
  3 trolls
  A meliai (shapeshifter) (D:14)
  2 two-headed ogres
  2 polar bears
  A wyvern (D:8)
  A basilisk (D:13)
  2 yaks (IceCv)
  A wraith (D:12)
  3 vampire mosquitoes (D:13)
  2 hungry ghosts
  Menkaure (D:6)
  3 wargs (Orc:1)
  A soldier ant (D:12)
  A water moccasin (D:9)
  5 orc warriors
  3 sky beasts
  13 ice beasts
  2 necrophages
  An eye of draining (D:8)
  6 ogres
  7 wolves
  2 centaurs
  A giant frog (D:12)
  A scorpion (D:7)
  6 wights
  4 howler monkeys (D:11)
  3 crimson imps
  A giant frog zombie (D:7)
  6 orc priests
  2 hounds
  3 orc wizards
  3 worker ants
  A hound zombie (D:7)
  3 gnolls (D:10)
  4 adders
  A shadow imp (D:9)
  An ooze (D:3)
  An adder skeleton (D:8)
  An adder zombie (D:9)
  A giant gecko (D:9)
  19 orcs
  2 giant cockroaches
  A goblin (D:1)
  A hobgoblin (D:1)
  A jackal (D:5)
  A kobold (D:1)
  2 quokkas
  3 bats (D:1)
  2 giant gecko skeletons
  A giant newt (D:1)
  A quokka skeleton (D:8)
  A plant (Orc:1)
174 creatures vanquished.

Vanquished Creatures (collateral kills)
  A basilisk (D:14)
  An eye of draining (D:14)
2 creatures vanquished.

Vanquished Creatures (others)
  2 wolves (IceCv)
2 creatures vanquished.

Grand Total: 178 creatures vanquished

Notes
Turn   | Place    | Note
-------+----------+-------------------------------------------
     0 | D:1      | 4thArraOfDagon the Deep Dwarf Summoner began the quest for the Orb.
     0 | D:1      | Reached XP level 1. HP: 15/15 MP: 3/3
    78 | D:1      | Reached skill level 1 in Fighting
   152 | D:1      | Reached XP level 2. HP: 13/25 MP: 4/4
   230 | D:4      | Noticed an ogre
   236 | D:5      | Entered Level 5 of the Dungeon
   247 | D:5      | Noticed a centaur
   254 | D:5      | Killed a centaur
   254 | D:5      | Reached XP level 3. HP: 19/34 MP: 5/5
   254 | D:5      | Reached XP level 4. HP: 24/42 MP: 6/6
   307 | D:3      | Noticed Grinder
   393 | D:6      | Noticed Menkaure
   395 | D:6      | Killed Menkaure
   395 | D:6      | Reached XP level 5. HP: 16/51 MP: 7/7
   396 | D:6      | Noticed a necrophage
   402 | D:6      | Noticed an ice beast
   404 | D:6      | Killed an ice beast
   406 | D:6      | Reached XP level 6. HP: 19/58 MP: 8/8
   530 | D:7      | Reached skill level 5 in Fighting
   682 | D:7      | Found a staircase to the Ecumenical Temple.
   685 | D:7      | Reached XP level 7. HP: 40/67 MP: 9/9
   694 | Temple   | Entered the Ecumenical Temple
   736 | Temple   | Became a worshipper of Makhleb the Destroyer
   896 | D:8      | Reached skill level 5 in Armour
   913 | D:8      | Noticed a wyvern
   955 | D:9      | Found a staircase to the Lair.
  1039 | D:8      | Noticed a hippogriff
  1058 | D:7      | Reached skill level 1 in Axes
  1215 | D:8      | HP: 1/69 [wyvern (14)]
  1216 | D:8      | Killed a wyvern
  1216 | D:8      | Reached skill level 2 in Axes
  1216 | D:8      | Reached XP level 8. HP: 2/76 MP: 8/8
  1237 | D:8      | Reached skill level 3 in Axes
  1240 | D:8      | Reached skill level 1 in Evocations
  1279 | D:8      | Reached skill level 4 in Axes
  1285 | D:8      | Reached * piety under Makhleb
  1368 | D:9      | Reached skill level 5 in Axes
  1593 | D:10     | Entered Level 10 of the Dungeon
  2001 | D:11     | Found Ebeuvid's Armour Emporium.
  2033 | D:12     | Reached skill level 6 in Axes
  2033 | D:12     | Gained mutation: You passively map the area around you. [Deep Dwarf growth]
  2033 | D:12     | Reached XP level 9. HP: 43/82 MP: 6/8
  2318 | D:11     | Noticed a troll
  2356 | D:11     | Killed a troll
  2356 | D:11     | Reached skill level 7 in Axes
  2356 | D:11     | Reached skill level 5 in Evocations
  2447 | D:11     | Noticed a freezing wraith
  2534 | D:12     | Got a heavily runed wooden ring
  2536 | D:12     | Identified the ring "Zoghyske" {+Inv rElec rC+ MR+ Stlth+} (You found it on level 12 of the Dungeon)
  2562 | D:12     | Noticed an ice dragon
  2610 | D:12     | Reached skill level 8 in Axes
  2703 | D:12     | Killed an ice dragon
  2703 | D:12     | Reached skill level 9 in Axes
  2746 | D:12     | Noticed a purple ugly thing
  2788 | D:12     | Killed a purple ugly thing
  2788 | D:12     | Reached ** piety under Makhleb
  2788 | D:12     | Reached XP level 10. HP: 48/91 MP: 10/10
  2805 | D:12     | Gained mutation: You have a pair of small horns on your head. [mutagenic meat]
  2808 | D:12     | Gained mutation: You are frail. (-10% HP) [mutagenic meat]
  2917 | D:12     | Reached skill level 10 in Axes
  2930 | D:12     | Got the broad axe of Balance {freeze}
  2931 | D:12     | Identified the +1 broad axe of Balance {freeze, rF+} (You found it on level 12 of the Dungeon)
  2964 | D:13     | Noticed a deep elf mage
  2979 | D:13     | Killed a deep elf mage
  3018 | D:13     | Reached skill level 1 in Invocations
  3045 | D:13     | Found a labyrinth entrance.
  3080 | Lab      | Entered a labyrinth
  3215 | Lab      | Noticed a minotaur
  3223 | Lab      | Killed a minotaur
  3286 | D:13     | Reached skill level 11 in Axes
  3429 | D:14     | Noticed a spiny frog
  3453 | D:14     | Noticed a cyclops
  3479 | D:13     | Found Hagg's Food Shop.
  3479 | D:13     | Noticed Snorg
  3523 | D:12     | Found a roughly hewn altar of Beogh.
  3523 | D:12     | Found a staircase to the Orcish Mines.
  3539 | D:12     | Reached XP level 11. HP: 41/89 MP: 12/12
  3579 | D:12     | Noticed Josephine
  3596 | Orc:1    | Entered Level 1 of the Orcish Mines
  3609 | Orc:1    | Noticed an ogre mage
  3622 | Orc:1    | Killed an ogre mage
  3735 | Orc:1    | Reached *** piety under Makhleb
  3806 | Orc:1    | Noticed a deep elf mage
  3818 | Orc:1    | Killed a deep elf mage
  3818 | Orc:1    | Reached skill level 10 in Armour
  3872 | Orc:1    | Noticed an orc knight
  3903 | Orc:1    | Killed an orc knight
  3903 | Orc:1    | Reached skill level 5 in Invocations
  3969 | Orc:1    | Noticed a hill giant
  3969 | Orc:1    | Noticed a hill giant
  3969 | Orc:1    | Noticed a hill giant
  3991 | Orc:1    | Killed a hill giant
  3991 | Orc:1    | Reached skill level 12 in Axes
  3996 | Orc:1    | Killed a hill giant
  4004 | Orc:1    | Killed a hill giant
  4036 | Orc:1    | Noticed a hill giant
  4036 | Orc:1    | Noticed a hill giant
  4036 | Orc:1    | Noticed a hill giant
  4047 | Orc:1    | Killed a hill giant
  4057 | Orc:1    | Killed a hill giant
  4069 | Orc:1    | Killed a hill giant
  4083 | Orc:1    | Noticed a stone giant
  4122 | Orc:1    | Noticed a deep elf mage
  4127 | Orc:1    | Killed a stone giant
  4134 | Orc:1    | Killed a deep elf mage
  4134 | Orc:1    | Reached XP level 12. HP: 99/99 MP: 9/9
  4210 | Orc:1    | Reached skill level 13 in Axes
  4255 | Orc:1    | Reached **** piety under Makhleb
  4486 | Orc:1    | Noticed Erolcha
  4544 | Orc:1    | Killed Erolcha
  4617 | Orc:2    | Entered Level 2 of the Orcish Mines
  4686 | Orc:2    | Found a frozen archway.
  4709 | IceCv    | Entered an ice cave
  4772 | IceCv    | HP: 6/150 [polar bear (18)]
  4772 | IceCv    | Slain by a polar bear

Vault maps used:
D:1:      dpeg_arrival_stonehenge_12_columns, hangedman_decor_slide_cut
D:2:      first_bread, serial_glass, glass_columns_a, glass_columns_a,
          uniq_jessica
D:3:      minmay_misc_feat_diagonals, uniq_grinder
D:4:      st_stairs_3
D:5:      zin_purify, serial_shops, kennysheep_mini, uniq_duvessa
D:6:      uniq_blork_the_orc, uniq_menkaure
D:9:      lair_0_dummy, serial_shops, nicolae_shop_behind_doors,
          hangedman_abyss_or_decor_passed
D:10:     hangedman_abyss_or_decor_lesser_grid
D:11:     serial_shops, shop
D:12:     minmay_coctagon, minmay_orc_entry_temple_small, uniq_josephine,
          uniq_azrael, uniq_fannar
D:13:     david_vaults_5, lab_entry_generic, serial_shops, shop,
          hangedman_ranch, uniq_snorg
D:14:     minivault_14, nicolae_tso_swordbearing_angel
Temple:   kilobyte_greek_temple
Orc:1:    giant_chief_lemuel, elf_legates, uniq_erolcha
Orc:2:    st_orc_town, serial_shops, shop, shop,
          portal_ice_cave_entry_ice_beasts, guppyfry_library_mini
Lab:      labyrinth_mini_lab, nicolae_lab_do_over, nicolae_lab_garden,
          lab_hedge, labyrinth_skeletal_remains, nicolae_lab_diamond
IceCv:    ice_cave_caverns_02

Skill      XL: |  1  2  3  4  5  6  7  8  9 10 11 12 |
---------------+-------------------------------------+-----
Fighting       | 1 3 4 5 6 7 8 |  8.6
Armour         | 2 3 4 5 7 8 9 10 11 | 11.6
Axes           | 2 6 9 11 12 13 | 13.9
Evocations     | 4 7 8 |  8.7
Invocations    | 3 6 8 |  8.3
Dodging        | |  2.1
Stealth        | |  2.4
Spellcasting   | |  1.7
Summonings     | |  3.6

Action                   |  1- 3 |  4- 6 |  7- 9 | 10-12 || total
-------------------------+-------+-------+-------+-------++-------
Melee: Short sword       |    29 |       |       |       ||    29
       Mace              |       |    35 |     1 |       ||    36
       Dire flail        |       |       |    76 |       ||    76
       Hand axe          |       |       |    27 |       ||    27
       War axe           |       |       |   207 |    40 ||   247
       Broad axe         |       |       |       |   116 ||   116
       Headbutt          |       |       |       |    78 ||    78
       Battleaxe         |       |       |       |   295 ||   295
 Abil: Device Recharging |       |       |     5 |     5 ||    10
Evoke: Wand              |     2 |    22 |    60 |    51 ||   135
       Phial of floods   |       |       |     1 |       ||     1
  Use: Scroll            |     1 |     6 |    10 |     7 ||    24
       Potion            |       |       |     3 |     5 ||     8
 Stab: Sleeping          |     2 |     2 |       |       ||     4
       Confused          |       |       |    25 |     3 ||    28
       Paralysed         |       |       |       |    36 ||    36
  Eat: Chunk             |       |       |    13 |    26 ||    39
       Fruit             |       |       |       |     5 ||     5
Armor: Robe              |    22 |    10 |       |       ||    32
       Leather armour    |       |     4 |    49 |       ||    53
       Chain mail        |       |       |    99 |    37 ||   136
       Ice dragon armour |       |       |       |   177 ||   177
       Skin              |       |       |       |    77 ||    77
Dodge: Dodged            |    42 |    42 |   119 |   238 ||   441
